[ AOE2 MATCH · #478951663 ]
1v1 RMBohemians vs Cumans
Player's team · LOSS
Rival team · WIN
[ REPLAY ANALYSIS · EXTRACTED FROM THE RECORDED GAME ]
Feudal
11:11
Castle
18:06
Imperial
36:02
| APM avg | 29.6 |
| APM peak | 67 |
| eAPM avg | 16.8 |
| Villagers / military | 137 / 73 |
Focus
⚔️ 23.8% · 🌾 76.2%
Archer ×45 · Bombard Cannon ×8 · Monk ×7 · Knight ×5 · Scout Cavalry ×3 · Battering Ram ×2
Feudal
9:34
Castle
25:29
Imperial
34:16
| APM avg | 24.9 |
| APM peak | 52 |
| eAPM avg | 16.5 |
| Villagers / military | 154 / 137 |
Focus
⚔️ 21.8% · 🌾 78.2%
Skirmisher ×80 · Knight ×38 · Camel Scout ×11 · Archer ×5 · Trebuchet (Packed) ×3
Match map
Initial resources + every placement click. Lines = walls · curves = elevation contours. ◆ gold · ⬟ stone · ● berries · ✦ relic · ◌ wall gap
Your base· ✓ Closed at 18:06 · 1t walls · 2 gate(s)
MikaelHei's base· ✓ Closed at 25:29 · 0t walls · 4 gate(s)
Smoothed initial terrain · ◌ = detected wall gap · hover for details
Inputs per minute
— HankWoof - - MikaelHei
Build order — HankWoof
First 150 of 346 actions detected
| 0:00 | Create | Villager (Male) |
| 0:00 | Create | Villager (Male) |
| 0:01 | Create | Villager (Male) |
| 0:03 | Build | House |
| 0:04 | Build | House |
| 0:23 | Create | Villager (Male) |
| 1:27 | Create | Villager (Male) |
| 1:50 | Build | House |
| 1:51 | Build | House |
| 1:54 | Build | Lumber Camp |
| 1:58 | Create | Villager (Male) |
| 2:15 | Create | Villager (Male) |
| 2:49 | Create | Villager (Male) |
| 3:21 | Create | Villager (Male) |
| 3:25 | Create | Villager (Male) |
| 3:54 | Create | Villager (Male) |
| 4:29 | Create | Villager (Male) |
| 5:16 | Create | Villager (Male) |
| 5:31 | Create | Villager (Male) |
| 5:31 | Create | Villager (Male) |
| 5:32 | Create | Villager (Male) |
| 5:32 | Create | Villager (Male) |
| 6:39 | Build | Mill |
| 6:45 | Create | Villager (Male) |
| 6:46 | Create | Villager (Male) |
| 6:47 | Create | Villager (Male) |
| 7:10 | Create | Villager (Male) |
| 7:16 | Build | Mill |
| 8:06 | Build | Farm |
| 8:08 | Build | Farm |
| 8:14 | Build | Farm |
| 8:35 | Build | House |
| 8:39 | Research | Feudal Age |
| 8:57 | Build | Farm |
| 9:31 | Build | Farm |
| 9:49 | Create | Villager (Male) |
| 9:50 | Create | Villager (Male) |
| 10:00 | Build | Farm |
| 10:03 | Build | Farm |
| 10:55 | Build | Barracks |
| 10:59 | Build | House |
| 11:01 | Build | House |
| 11:06 | Build | House |
| 11:07 | Build | House |
| 11:09 | Build | House |
| 11:11 | Age | Feudal Age |
| 11:12 | Build | House |
| 11:22 | Build | Mining Camp |
| 11:40 | Build | Watch Tower |
| 11:46 | Create | Villager (Male) |
| 12:43 | Build | Mining Camp |
| 12:53 | Create | Villager (Male) |
| 13:09 | Build | House |
| 13:10 | Build | House |
| 13:13 | Build | Palisade Wall |
| 13:22 | Build | Farm |
| 13:31 | Create | Villager (Male) |
| 13:31 | Create | Villager (Male) |
| 13:54 | Build | Blacksmith |
| 14:04 | Create | Villager (Male) |
| 14:25 | Build | Stable |
| 14:38 | Research | Fletching |
| 14:53 | Create | Villager (Male) |
| 15:11 | Build | Mining Camp |
| 15:26 | Research | Castle Age |
| 15:27 | Create | Villager (Male) |
| 15:27 | Create | Villager (Male) |
| 17:39 | Create | Villager (Male) |
| 17:39 | Create | Villager (Male) |
| 17:39 | Create | Villager (Male) |
| 18:06 | Age | Castle Age |
| 18:17 | Build | Siege Workshop |
| 18:31 | Create | Villager (Male) |
| 18:51 | Create | Knight |
| 18:51 | Create | Knight |
| 19:00 | Create | Mangonel |
| 19:26 | Create | Villager (Male) |
| 19:29 | Create | Knight |
| 20:09 | Create | Villager (Male) |
| 20:17 | Research | Scale Barding Armor |
| 20:39 | Create | Villager (Male) |
| 20:39 | Create | Villager (Male) |
| 20:44 | Create | Knight |
| 20:44 | Create | Knight |
| 21:30 | Create | Battering Ram |
| 21:35 | Build | Town Center |
| 21:39 | Create | Villager (Male) |
| 21:41 | Research | Double-Bit Axe |
| 22:07 | Create | Villager (Male) |
| 22:29 | Build | Archery Range |
| 22:37 | Create | Villager (Male) |
| 22:51 | Build | Monastery |
| 23:14 | Create | Villager (Male) |
| 23:34 | Create | Monk |
| 23:34 | Create | Monk |
| 23:34 | Create | Monk |
| 23:36 | Create | Villager (Male) |
| 24:16 | Create | Villager (Male) |
| 24:48 | Create | Villager (Male) |
| 24:52 | Build | Farm |
| 24:53 | Build | Farm |
| 24:53 | Build | Farm |
| 24:53 | Build | Farm |
| 24:53 | Build | Farm |
| 24:54 | Build | Farm |
| 24:54 | Build | Farm |
| 24:54 | Build | Farm |
| 25:33 | Create | Villager (Male) |
| 25:33 | Create | Villager (Male) |
| 25:33 | Create | Villager (Male) |
| 25:44 | Create | Villager (Male) |
| 25:59 | Build | Lumber Camp |
| 26:07 | Build | Town Center |
| 26:27 | Create | Villager (Male) |
| 26:27 | Create | Villager (Male) |
| 26:28 | Create | Villager (Male) |
| 26:48 | Create | Archer |
| 26:48 | Create | Archer |
| 27:22 | Create | Villager (Male) |
| 27:22 | Create | Villager (Male) |
| 27:24 | Research | Loom |
| 27:30 | Create | Monk |
| 27:30 | Create | Monk |
| 27:33 | Build | Farm |
| 27:35 | Build | Farm |
| 27:41 | Create | Villager (Male) |
| 27:41 | Create | Villager (Male) |
| 27:42 | Create | Villager (Male) |
| 27:45 | Build | Farm |
| 27:45 | Build | Farm |
| 27:45 | Build | Farm |
| 27:45 | Build | Farm |
| 27:46 | Build | Farm |
| 27:46 | Build | Farm |
| 27:46 | Build | Farm |
| 27:46 | Build | Farm |
| 28:05 | Research | Wheelbarrow |
| 28:22 | Create | Villager (Male) |
| 28:35 | Create | Villager (Male) |
| 28:36 | Create | Villager (Male) |
| 28:41 | Create | Archer |
| 28:42 | Create | Archer |
| 28:49 | Build | House |
| 28:50 | Build | House |
| 28:50 | Build | House |
| 28:51 | Build | House |
| 28:52 | Build | House |
| 28:52 | Build | House |
| 28:53 | Build | House |
| 28:54 | Build | House |
Build order — MikaelHei
First 150 of 351 actions detected
| 0:00 | Create | Villager (Male) |
| 0:01 | Create | Villager (Male) |
| 0:01 | Create | Villager (Male) |
| 0:01 | Create | Villager (Male) |
| 0:02 | Build | House |
| 0:04 | Build | House |
| 1:23 | Create | Villager (Male) |
| 1:23 | Create | Villager (Male) |
| 1:47 | Build | Lumber Camp |
| 2:06 | Create | Villager (Male) |
| 2:06 | Create | Villager (Male) |
| 2:17 | Create | Villager (Male) |
| 3:08 | Create | Villager (Male) |
| 3:09 | Create | Villager (Male) |
| 3:09 | Create | Villager (Male) |
| 3:39 | Build | House |
| 3:55 | Create | Villager (Male) |
| 3:55 | Create | Villager (Male) |
| 4:17 | Build | Mill |
| 4:27 | Create | Villager (Male) |
| 4:28 | Create | Villager (Male) |
| 4:47 | Create | Villager (Male) |
| 4:55 | Create | Villager (Male) |
| 5:26 | Create | Villager (Male) |
| 5:27 | Create | Villager (Male) |
| 6:15 | Create | Villager (Male) |
| 6:16 | Research | Loom |
| 7:24 | Research | Feudal Age |
| 7:24 | Research | Feudal Age |
| 7:39 | Build | Mining Camp |
| 8:23 | Create | Villager (Male) |
| 9:26 | Build | House |
| 9:34 | Age | Feudal Age |
| 9:36 | Create | Villager (Male) |
| 9:38 | Research | Double-Bit Axe |
| 9:38 | Research | Double-Bit Axe |
| 9:47 | Build | Blacksmith |
| 9:56 | Create | Villager (Male) |
| 10:01 | Build | Watch Tower |
| 10:15 | Create | Villager (Male) |
| 10:27 | Build | Town Center |
| 11:13 | Create | Villager (Male) |
| 11:52 | Create | Villager (Male) |
| 12:02 | Build | House |
| 12:26 | Build | Watch Tower |
| 12:36 | Create | Villager (Male) |
| 12:42 | Research | Forging |
| 12:54 | Create | Villager (Male) |
| 12:54 | Create | Villager (Male) |
| 12:59 | Research | Fletching |
| 13:01 | Create | Villager (Male) |
| 13:37 | Research | Horse Collar |
| 13:37 | Research | Horse Collar |
| 13:39 | Build | Farm |
| 13:44 | Build | Farm |
| 13:54 | Create | Villager (Male) |
| 13:54 | Create | Villager (Male) |
| 14:04 | Create | Villager (Male) |
| 14:08 | Create | Villager (Male) |
| 14:11 | Build | Farm |
| 14:14 | Build | Farm |
| 14:18 | Build | Farm |
| 14:22 | Build | House |
| 14:23 | Build | House |
| 14:38 | Create | Villager (Male) |
| 14:43 | Build | Farm |
| 14:49 | Create | Villager (Male) |
| 14:53 | Create | Villager (Male) |
| 15:14 | Create | Villager (Male) |
| 15:14 | Create | Villager (Male) |
| 15:22 | Build | Farm |
| 15:26 | Build | Farm |
| 15:35 | Build | House |
| 15:37 | Create | Villager (Male) |
| 15:38 | Create | Villager (Male) |
| 15:58 | Create | Villager (Male) |
| 15:58 | Create | Villager (Male) |
| 16:04 | Build | House |
| 16:05 | Build | House |
| 16:14 | Build | Farm |
| 16:20 | Create | Villager (Male) |
| 16:24 | Create | Villager (Male) |
| 16:28 | Build | Farm |
| 16:46 | Create | Villager (Male) |
| 16:46 | Create | Villager (Male) |
| 16:50 | Build | Farm |
| 17:02 | Create | Villager (Male) |
| 17:07 | Build | Farm |
| 17:21 | Research | Wheelbarrow |
| 17:21 | Research | Wheelbarrow |
| 17:24 | Create | Villager (Male) |
| 18:08 | Create | Villager (Male) |
| 18:08 | Create | Villager (Male) |
| 18:31 | Create | Villager (Male) |
| 18:32 | Create | Villager (Male) |
| 18:36 | Build | Farm |
| 18:42 | Build | House |
| 18:44 | Build | House |
| 18:55 | Build | Palisade Gate |
| 18:58 | Create | Villager (Male) |
| 18:59 | Create | Villager (Male) |
| 19:07 | Build | Barracks |
| 19:11 | Create | Villager (Male) |
| 19:11 | Create | Villager (Male) |
| 19:16 | Build | Farm |
| 19:19 | Build | Farm |
| 19:24 | Build | Farm |
| 19:28 | Build | Farm |
| 19:35 | Build | Farm |
| 19:36 | Create | Villager (Male) |
| 19:37 | Create | Villager (Male) |
| 19:43 | Build | Farm |
| 20:00 | Create | Villager (Male) |
| 20:01 | Create | Villager (Male) |
| 20:06 | Build | Farm |
| 20:26 | Create | Villager (Male) |
| 20:26 | Create | Villager (Male) |
| 20:40 | Build | Stable |
| 20:45 | Build | Farm |
| 20:48 | Create | Villager (Male) |
| 20:48 | Create | Villager (Male) |
| 21:10 | Build | House |
| 21:21 | Create | Villager (Male) |
| 21:21 | Create | Villager (Male) |
| 21:26 | Build | Farm |
| 21:29 | Build | Farm |
| 21:35 | Create | Villager (Male) |
| 21:36 | Create | Villager (Male) |
| 22:07 | Create | Villager (Male) |
| 22:08 | Create | Villager (Male) |
| 22:18 | Create | Villager (Male) |
| 22:19 | Create | Villager (Male) |
| 22:20 | Create | Villager (Male) |
| 22:30 | Build | House |
| 22:39 | Research | Castle Age |
| 22:40 | Create | Villager (Male) |
| 22:43 | Build | Farm |
| 22:45 | Build | Farm |
| 22:47 | Build | Lumber Camp |
| 22:52 | Build | Lumber Camp |
| 22:59 | Build | Mining Camp |
| 23:04 | Research | Gold Mining |
| 23:04 | Research | Stone Mining |
| 23:54 | Create | Villager (Male) |
| 23:55 | Create | Villager (Male) |
| 23:56 | Create | Villager (Male) |
| 24:01 | Build | House |
| 24:03 | Build | House |
| 24:45 | Create | Villager (Male) |
| 24:45 | Create | Villager (Male) |
Match timeline
| 9:34 | MikaelHei · age_up feudal |
| 10:55 | HankWoof · first_building Barracks |
| 11:11 | HankWoof · age_up feudal |
| 13:13 | HankWoof · wall_segment Palisade Wall x1 |
| 14:25 | HankWoof · first_building Stable |
| 18:06 | HankWoof · age_up castle |
| 18:17 | HankWoof · first_building Siege Workshop |
| 19:07 | MikaelHei · first_building Barracks |
| 20:40 | MikaelHei · first_building Stable |
| 22:29 | HankWoof · first_building Archery Range |
| 22:51 | HankWoof · first_building Monastery |
| 25:29 | MikaelHei · age_up castle |
| 28:45 | MikaelHei · first_building Castle |
| 30:37 | HankWoof · first_building Castle |
| 32:42 | HankWoof · first_market_buy 100 food |
| 33:49 | MikaelHei · first_building Archery Range |
| 34:16 | MikaelHei · age_up imperial |
| 36:02 | HankWoof · age_up imperial |
| 36:36 | MikaelHei · first_market_sell 500 food |
| 38:35 | HankWoof · first_market_sell 100 food |
| 43:33 | HankWoof · resign |
[ AI ANALYSIS · 1 CREDIT ]
What really happened in this match?
Wolo.gg analyzes every decision: build order, eco, micro, common mistakes by bracket. Personalized analysis on WhatsApp or Discord in 30 seconds.
Civ guide
Bohemians
Map guide
Arena
Perfil
HankWoof